 Seeded DCSS version 0.31-a0-345-g1ebeae05c6 (webtiles) character file.

Game seed: 8188895640831202634 (custom seed)

2993 bmack86 the Cleaver (level 9, -8/70 (73) HPs)
             Began as a Minotaur Fighter on July 23, 2023.
             Was a Believer of Okawaru.
             Mangled by a centaur
             ... wielding a +1 long sword of electrocution
              (16 damage)
             ... on level 7 of the Dungeon.
             The game lasted 00:13:11 (6333 turns).

bmack86 the Cleaver (Minotaur Fighter)              Turns: 6333, Time: 00:13:11

HP:   -8/70 (73)    AC: 12    Str: 24    XL:     9   Next: 54%
MP:   10/10         EV: 10    Int:  5    God:    Okawaru [**....]
Gold: 578           SH:  0    Dex: 11    Spells: 8/8 levels left

rFire   . . .        a - +0 war axe
rCold   . . .        i - +0 kite shield
rNeg    . . .        n - +0 plate armour
rPois   .            (helmet restricted)
rElec   .            (no cloak)
rCorr   .            (no gloves)
SInv    .            (no boots)
Will    .....        (no amulet) Stlth
                     f - +5 ring of evasion
HPRegen 0.31/turn    (no ring)
MPRegen 0.12/turn

%: no passive effects
@: confused, lightly drained
A: horns 2, retaliatory headbutt
a: Renounce Religion, Heroism


You were on level 7 of the Dungeon.
You worshipped Okawaru.
Okawaru was pleased with you.
You visited 2 branches of the dungeon, and saw 8 of its levels.
You also visited: Ossuary.

You collected 578 gold pieces.

Inventory:

Hand Weapons
 a - a +0 war axe (weapon)
 y - the +12 long sword of the King {vamp, rElec rC- Int+2}
   (You found it on level 5 of the Dungeon)

   Int:       It affects your intelligence (+2).
   rC:        It makes you vulnerable to cold.
   rElec:     It insulates you from electricity.
Missiles
 e - 2 javelins
 z - 2 throwing nets
Armour
 b - a +0 scale mail
 c - a +0 buckler
 i - a +0 kite shield (worn)
 n - a +0 plate armour (worn)
Jewellery
 f - a +5 ring of evasion (left hand)
Wands
 l - a wand of paralysis (24)
 A - a wand of flame (25)
 B - a wand of mindburst (15)
Scrolls
 d - 2 scrolls of enchant weapon {unknown}
 k - a scroll of vulnerability {unknown}
 m - a scroll of silence {unknown}
 q - 2 scrolls of noise {unknown}
 s - a scroll of brand weapon {unknown}
 v - a scroll of enchant armour {unknown}
 w - a scroll of teleportation {unknown}
 C - a scroll of amnesia {unknown}
Potions
 g - a potion of resistance
 h - 3 potions of lignification
 j - 6 potions of enlightenment
 o - 2 potions of haste
 p - 6 potions of curing
 r - 2 potions of mutation
 t - 3 potions of magic
 u - a potion of heal wounds
 x - a potion of invisibility {unknown}


   Skills:
 + Level 4.9 Fighting
 - Level 14.0 Axes
 + Level 5.0 Armour
 + Level 4.9 Shields
 * Level 3.6 Invocations


You had 8 spell levels left.
You didn't know any spells.
Your spell library contained the following spells:

 Spells                   Type           Power      Damage    Failure   Level
 Ensorcelled Hibernation  Hex/Ice        0%         N/A       100%        2
 Passwall                 Tmut/Erth      0%         N/A       100%        2
 Hailstorm                Conj/Ice       0%         3d3       100%        3
 Portal Projectile        Hex/Tloc       0%         N/A       100%        3
 Swiftness                Air            0%         N/A       100%        3
 Vhi's Electric Charge    Tloc/Air       0%         N/A       100%        3
 Leda's Liquefaction      Hex/Erth       0%         N/A       100%        4
 Arcjolt                  Conj/Air       0%         1d10      100%        5
 Maxwell's Capacitive Co  Air            0%         ∞         100%        8
 Call Canine Familiar     Summ           Unusable   N/A       N/A         3
 Summon Ice Beast         Ice/Summ       Unusable   N/A       N/A         4
 Simulacrum               Ice/Necr       Unusable   N/A       N/A         6

Dungeon Overview and Level Annotations

Branches:
Dungeon (7/15)             Temple (1/1) D:4         Ossuary (visited)

Altars:
Ashenzari
Cheibriados
Elyvilon
Gozag
Hepliaklqana
Kikubaaqudgha
Makhleb
Nemelex Xobeh
Okawaru
Qazlal
Ru
Sif Muna
Trog
Uskayaw
Vehumet
Wu Jian
Xom
Yredelemnul
Zin
The Shining One

Shops:
D:6 (


Innate Abilities, Weirdness & Mutations

You have a pair of horns on your head.
You reflexively headbutt those who attack you in melee.


Message History

You headbutt the wight, but do no damage.
The wight is moderately damaged.
The wight hits you with a +3 halberd.
You closely miss the wight.
The wight is moderately damaged.
The wight hits you with a +3 halberd.
You feel drained.
You slash the wight!
You destroy the wight!
Okawaru accepts your kill.
The centaur unwields a +1 long sword of electrocution.
It stops crackling.
The centaur wields a +0 orcbow.
The centaur shoots an arrow.
The arrow misses you.
Your Armour skill increases to level 5!
The orc wizard shouts!
The centaur unwields a +0 orcbow.
The centaur wields a +1 long sword of electrocution.
You hear the crackle of electricity.
The centaur closely misses you. x2
Things that are here:
a +3 halberd; a +0 robe You closely miss the centaur.
You headbutt the centaur.
The centaur is moderately wounded.
The centaur hits you with a +1 long sword of electrocution!
The centaur closely misses you. You block the centaur's attack.
The centaur closely misses you.
You hit the centaur.
The centaur is moderately wounded.
The centaur hits you but does no damage.
You block the centaur's attack.
The orc wizard points at you and mumbles some strange words.
You are confused.
You hit the centaur.
The centaur is heavily wounded.
The centaur hits you with a +1 long sword of electrocution!
* * * LOW HITPOINT WARNING * * *
The centaur barely misses you.
The centaur hits you with a +1 long sword of electrocution!
* * * LOW HITPOINT WARNING * * *
You are electrocuted!
You die...

.# .. o. .. ##
.##. .### #. (#.
...##.. ..
.#..... #.
#.###......#
.##.##.c...#..##
..(....@#......#
..#.#...)....#
#.#.#..#.#
#...#....#
...###..###
..#.###...# ....
#.).## #.
######.#.##...
#####........#


You could see a centaur and an orc wizard.

Vanquished Creatures
  The ghost of Savior361 the Ruffian, an amateur DrSh (D:6)
  Sigmund (D:2)
  Edmund (D:6)
  2 water moccasins (D:6)
  An orc warrior (D:6)
  3 ice beasts
  A sky beast (D:6)
  2 ogres
  A phantom (D:5)
  A centaur (D:6)
  A kobold brigand (D:6)
  2 elf zombies (Ossuary)
  3 bullfrogs
  3 scorpions
  A wight (D:7)
  A gnoll bouda (D:6)
  An orc priest (D:6)
  A sleepcap (D:5)
  Jessica (D:2)
  2 human zombies (Ossuary)
  Terence (D:3)
  5 iguanas
  5 orc wizards
  5 hound zombies (Ossuary)
  3 mummies (Ossuary)
  9 adders
  10 gnolls
  A shadow imp (D:7)
  2 white imps
  2 ufetubi
  2 adder zombies (Ossuary)
  3 worms
  2 dart slugs
  12 orcs
  5 bats
  12 endoplasms
  A giant cockroach (D:4)
  3 goblins
  6 hobgoblins
  4 jackals (D:5)
  12 kobolds
  3 quokkas
  7 ball pythons
  3 frilled lizards
  A gnoll zombie (Ossuary)
  3 goblin zombies (Ossuary)
  A hobgoblin zombie (Ossuary)
  A jackal zombie (Ossuary)
  4 kobold zombies (Ossuary)
  3 orc zombies (Ossuary)
  5 quokka zombies (Ossuary)
  4 rats
  4 rat zombies (Ossuary)
174 creatures vanquished.

Vanquished Creatures (others)
  An orc wizard (D:5)
1 creature vanquished.

Grand Total: 175 creatures vanquished

Notes
Turn   | Place    | Note
-------+----------+-------------------------------------------
     0 | D:1      | bmack86 the Minotaur Fighter began the quest for the Orb.
     0 | D:1      | Reached XP level 1. HP: 19/19 MP: 0/0
    65 | D:1      | Reached skill level 3 in Axes
    80 | D:1      | Reached XP level 2. HP: 26/26 MP: 1/1
   221 | D:1      | Reached skill level 4 in Axes
   752 | D:2      | Reached XP level 3. HP: 31/31 MP: 2/2
   817 | D:2      | Noticed Jessica
   834 | D:2      | Killed Jessica
   835 | D:2      | Reached skill level 5 in Axes
  1016 | D:2      | Found a white marble altar of Elyvilon.
  1037 | D:2      | Noticed Sigmund
  1048 | D:2      | Killed Sigmund
  1049 | D:2      | Reached skill level 7 in Axes
  1049 | D:2      | Reached XP level 4. HP: 27/39 MP: 3/3
  1049 | D:2      | Reached XP level 5. HP: 31/45 MP: 4/4
  1824 | D:3      | Noticed Terence
  1833 | D:3      | Killed Terence
  1834 | D:3      | Reached XP level 6. HP: 51/51 MP: 5/5
  1861 | D:3      | Found a faded altar of an unknown god.
  2743 | D:4      | Reached skill level 8 in Axes
  2854 | D:4      | Found a staircase to the Ecumenical Temple.
  2870 | Temple   | Entered the Ecumenical Temple
  2883 | Temple   | Became a worshipper of Warmaster Okawaru
  3126 | D:4      | Found a sacrificial altar of Ru.
  3126 | D:4      | Found a radiant altar of Vehumet.
  3343 | D:5      | Entered Level 5 of the Dungeon
  3396 | D:5      | Found a sand-covered staircase.
  3413 | Ossuary  | Entered an ossuary
  3452 | Ossuary  | Reached skill level 9 in Axes
  3509 | Ossuary  | Reached XP level 7. HP: 57/57 MP: 6/6
  3692 | Ossuary  | Reached skill level 10 in Axes
  4113 | D:5      | Identified the +12 long sword of the King {vamp, rElec rC-
                  | Int+2}
  4234 | D:5      | Reached skill level 11 in Axes
  4357 | D:5      | Reached * piety under Okawaru
  4371 | D:5      | Reached XP level 8. HP: 27/64 MP: 7/7
  4811 | D:5      | Reached skill level 12 in Axes
  5128 | D:6      | Found a burning altar of Makhleb.
  5136 | D:6      | Reached skill level 13 in Axes
  5260 | D:6      | Found a runed translucent door.
  5290 | D:6      | Noticed Savior361's ghost (amateur DrSh)
  5309 | D:6      | Noticed Edmund
  5325 | D:6      | Killed Edmund
  5325 | D:6      | Reached ** piety under Okawaru
  5326 | D:6      | Reached skill level 14 in Axes
  5326 | D:6      | Reached XP level 9. HP: 34/70 MP: 5/8
  5701 | D:6      | Reached skill level 1 in Invocations
  5928 | D:6      | Found Cuaf Bes's Weapon Shop.
  6208 | D:6      | Killed Savior361's ghost
  6330 | D:7      | Reached skill level 5 in Armour
  6333 | D:7      | Mangled by a centaur

Illustrated notes

Levels and vault maps discovered:
D:1:      lightli_arrival_statue_moat, layout_basic
D:2:      layout_loops_corners, basic_altar, uniq_sigmund, uniq_jessica
D:3:      layout_loops_ring, hellmonk_ecumenical_altar_run_dry,
          kennysheep_generic_room_16, uniq_terence
D:4:      layout_loops_corners, nicolae_overflow_two_pavilions, temple_fountains
D:5:      layout_loops_ring, nicolae_ossuary_entry_monument,
          kennysheep_small_spiral
D:6:      layout_basic, mainiacjoe_overflow_24_doors, serial_shops, shop,
          ebering_ghost_sewer_d, uniq_edmund
D:7:      minmay_clustersquares, layout_rooms, serial_aquarium,
          aquarium_bridge_square [aquarium_subvault_window,
          aquarium_subvault_bridge, aquarium_subvault_bridge,
          aquarium_subvault_bridge], aquarium_window_2, aquarium_window_2,
          aquarium_view_2b, enter_bailey_3, roderic_serpentine_path,
          minmay_fractal_squares_5
Temple:   regret_index_temple_sphere_string

Skill      XL: |  1  2  3  4  5  6  7  8  9 |
---------------+----------------------------+-----
Axes           | 3 4 7 9 11 14 | 14.0
Invocations    | 3 |  3.6
Fighting       | 4 |  4.9
Armour         | 5 |  5.0
Shields        | 4 |  4.9

Action                     |  1- 3 |  4- 6 |  7- 9 || total
---------------------------+-------+-------+-------++-------
  Melee: War axe           |    59 |   133 |   330 ||   522
         Headbutt          |     4 |    14 |    56 ||    74
    Use: Scroll            |     1 |     2 |     5 ||     8
         Potion            |     1 |       |       ||     1
 Armour: Scale mail        |    18 |       |       ||    18
         Plate armour      |       |    51 |   131 ||   182
  Dodge: Dodged            |    19 |    50 |    97 ||   166
  Block: Buckler           |    11 |       |       ||    11
         Kite shield       |     6 |    65 |   102 ||   173

Table legend: (Time is in decaauts)
 A = Elapsed time spent in this place.
 B = Non-inter-level travel time spent in this place.
 C = Inter-level travel time spent in this place.
 D = Time resting spent in this place.
 E = Time spent auto-exploring this place.
 F = Levels seen in this place.
 G = Mean time per level.
                   A        B        C        D        E       F      G
               +--------+--------+--------+--------+--------+-----+--------+
         Total |   6391 |   6275 |    116 |     93 |   4494 |   9 |  710.1 |
       Dungeon |   6016 |   5924 |     92 |     93 |   4494 |   7 |  859.4 |
        Temple |     26 |      2 |     24 |      0 |      0 |   1 |   26.0 |
       Ossuary |    347 |    347 |      0 |      0 |      0 |   1 |  347.0 |
               +--------+--------+--------+--------+--------+-----+--------+

Top non-repeatable levels by time:
     D:5: 1304 daAuts
     D:6: 1262 daAuts
     D:4: 1045 daAuts
     D:2: 979 daAuts
     D:3: 724 daAuts
     D:1: 606 daAuts
 Ossuary: 347 daAuts
     D:7: 93 daAuts
  Temple: 26 daAuts
